 Dungeon Crawl Stone Soup version 0.29.0-4-gdea44cf6ec (webtiles) character file.

Game seed: 1620317594100641725

27 qw the Ruffian (level 3, -2/28 HPs)
             Began as a Ghoul Fire Elementalist on Aug 29, 2022.
             Slain by a worm (9 damage)
             ... on level 1 of the Dungeon.
             The game lasted 00:01:05 (1996 turns).

qw the Ruffian (Ghoul Fire Elementalist)            Turns: 1996, Time: 00:01:06

Health: -2/28      AC:  7    Str: 13    XL:     3   Next: 10%
Magic:  4/4        EV:  9    Int: 10    God:
Gold:   58         SH:  0    Dex:  9    Spells: 4/5 levels left

rFire   . . .      SeeInvis .     - Unarmed
rCold   + . .      Faith    .   (no shield)
rNeg    + + +      Spirit   .   d - +0 scale mail
rPois   inf        Reflect  .   i - +0 helmet
rElec   .          Harm     .   (no cloak)
rCorr   .          Rampage  .   (no gloves)
Will    .....                   (no boots)
Stlth   ..........              (no amulet)
HPRegen 0.00/turn               (no ring)
MPRegen 0.09/turn               (no ring)

@: inhibited regen
A: claws 1, cold resistance 1, negative energy resistance 3, inhibited
regeneration, torment resistance 2, devour on kill
a: no special abilities


You were on level 1 of the Dungeon.
You visited 1 branch of the dungeon, and saw 2 of its levels.

You collected 58 gold pieces.


Innate Abilities, Weirdness & Mutations

You are immune to poison.
You have sharp fingernails.
Your flesh is cold resistant. (rC+)
You are immune to negative energy. (rN+++)
You do not regenerate when monsters are visible.
You are immune to unholy pain and torment.
You thrive by killing the living.


   Skills:
 - Level 1.0 Fighting
 - Level 1.7 Dodging
 - Level 2.1 Stealth
 + Level 2.5 Unarmed Combat
 - Level 1.7 Spellcasting
 - Level 0.7 Conjurations
 - Level 2.4 Fire Magic


You had 4 spell levels left.
You knew the following spells:

 Your Spells              Type           Power      Damage    Failure   Level
a - Foxfire               Conj/Fire      16%        2x1d4     63%         1

Your spell library contained the following spells:

 Spells                   Type           Power      Damage    Failure   Level
 Scorch                   Fire           10%        2d5       65%         2
 Conjure Flame            Conj/Fire      4%         6-21      94%         3
 Inner Flame              Hex/Fire       3%         N/A       96%         3
 Flame Wave               Conj/Fire      4%         2d5       100%        4

Inventory:

Armour
 d - a +0 scale mail (worn)
 i - a +0 helmet (worn)
Potions
 f - a potion of attraction {unknown}

Dungeon Overview and Level Annotations

Branches:
Dungeon (2/15)

Altars:


Message History

You scratch the worm.
The worm is moderately wounded.
The quokka bites you but does no damage.
The worm bites you.
The hobgoblin hits you but does no damage.
You scratch the worm but do no damage.
The worm is lightly wounded.
The quokka barely misses you.
The hobgoblin hits you but does no damage.
You scratch the worm.
The worm is moderately wounded.
The quokka barely misses you. The worm bites you. The hobgoblin hits you.
The quokka closely misses you.
You scratch the worm.
The worm is moderately wounded.
The hobgoblin hits you but does no damage.
The quokka bites you but does no damage.
The worm bites you.
You barely miss the worm.
The worm is moderately wounded.
The quokka bites you but does no damage.
The hobgoblin hits you but does no damage.
You barely miss the worm.
The worm is moderately wounded.
The quokka barely misses you. The worm barely misses you.
The hobgoblin barely misses you.
You scratch the worm.
The worm is moderately wounded.
The quokka bites you but does no damage.
The hobgoblin hits you.
You scratch the worm.
The worm is heavily wounded.
The quokka closely misses you. The worm bites you but does no damage.
The hobgoblin hits you.
You claw the worm!
The worm is almost dead.
The quokka barely misses you. The hobgoblin barely misses you.
The quokka bites you but does no damage.
The worm bites you!
You die...

#<.......~~~~.....
#..(.....~~~......
#........~~~......
#.......~~~~......
#.......~~~~......
#.......~~~~......
#.......~~~.......
#gr.....~~~.......
#@w....~~~~.......
######~~~~########
*#~~~~## *#~~~~##
#~~~### ####*
###### #.....
#.##.#
#######.###.


You could see a worm, a quokka and a hobgoblin.

Vanquished Creatures
  2 bats (D:1)
  2 endoplasms (D:1)
  A goblin (D:1)
  4 hobgoblins (D:1)
  3 jackals (D:1)
  5 ball pythons
  3 frilled lizards (D:1)
  3 kobolds (D:1)
  A rat (D:1)
24 creatures vanquished.

Notes
Turn   | Place    | Note
-------+----------+-------------------------------------------
     0 | D:1      | qw the Ghoul Fire Elementalist began the quest for the Orb.
     0 | D:1      | Reached XP level 1. HP: 14/14 MP: 2/2
     0 | D:1      | 0 ||| qw: Version: 0.1-a-90-g952f4b7
     0 | D:1      | 0 ||| qw: Game counter: 4169
     0 | D:1      | 0 ||| qw: Always use a shield: true
     0 | D:1      | 0 ||| qw: God list: Okawaru
     0 | D:1      | 0 ||| qw: Allow faded altars: false
     0 | D:1      | 0 ||| qw: Do Orc after D:15 true
     0 | D:1      | 0 ||| qw: Do second Lair branch before Depths: true
     0 | D:1      | 0 ||| qw: Lair rune preference: random
     0 | D:1      | 0 ||| qw: Plans: Normal
     0 | D:1      | 0 ||| PLANNING D:1-11
   493 | D:1      | Reached skill level 1 in Unarmed Combat
   705 | D:1      | Found a faded altar of an unknown god.
   724 | D:1      | Reached skill level 1 in Fighting
   724 | D:1      | Reached XP level 2. HP: 23/23 MP: 3/3
   830 | D:1      | 830 ||| Stepping ~*~*~tactically~*~*~ (stealth).
   882 | D:1      | 882 ||| Stepping ~*~*~tactically~*~*~ (stealth).
   895 | D:1      | 895 ||| Stepping ~*~*~tactically~*~*~ (stealth).
   971 | D:1      | 971 ||| Stepping ~*~*~tactically~*~*~ (stealth).
  1456 | D:1      | Reached XP level 3. HP: 28/28 MP: 4/4
  1462 | D:1      | 1462 ||| Stepping ~*~*~tactically~*~*~ (stealth).
  1565 | D:1      | 1565 ||| Stepping ~*~*~tactically~*~*~ (stealth).
  1836 | D:1      | 1836 ||| UPGRADING to +0 ring mail.
  1846 | D:1      | 1846 ||| DROPPING +0 robe.
  1847 | D:1      | 1847 ||| UPGRADING to +0 scale mail.
  1857 | D:1      | 1857 ||| DROPPING +0 ring mail.
  1858 | D:1      | 1858 ||| UPGRADING to +0 helmet.
  1863 | D:1      | 1863 ||| READING scroll labelled TOUSUO XUMO.
  1864 | D:1      | 1864 ||| READING scroll labelled EZALAV KUAD.
  1865 | D:1      | 1865 ||| READING scroll labelled GENWUZ VALOTUL.
  1866 | D:1      | 1866 ||| DROPPING potion of magic.
  1887 | D:2      | 1887 ||| STAIRDANCE
  1986 | D:2      | 1986 ||| STAIRDANCE
  1995 | D:1      | HP: 7/28 [hobgoblin (3)]
  1996 | D:1      | Slain by a worm

Levels and vault maps discovered:
D:1:      lemuel_arrival_river_ford, layout_loops_cross,
          chequers_ecumenical_altar_simple_redux
D:2:      layout_basic, serial_shops, nicolae_shop_hallway_plus,
          serial_bayou_pond_e, grunt_ministairs_2

Skill      XL: |  1  2 |
---------------+-------+-----
Unarmed Combat | 1 2 |  2.5
Fighting       | 1 |  1.0
Dodging        | |  1.7
Stealth        | |  2.1
Spellcasting   | |  1.7
Conjurations   | |  0.7
Fire Magic     | |  2.4

Action                   || total
-------------------------++-------
Melee: Unarmed           ||   114
       Punch             ||     2
  Use: Scroll            ||     3
Armor: Robe              ||    13
       Scale mail        ||    19
Dodge: Dodged            ||    65

Table legend:
 A = Non-vault XP
 B = Vault XP
 C = Vault XP percentage of total XP
 D = Non-vault monster count
 E = Vault monster count
 F = Vault count percentage of total count
                 A         B        C        D         E       F
            +---------+---------+-------+---------+---------+-------
      Total |      37 |       2 |   5.1 |      23 |       1 |   4.2
            +---------+---------+-------+---------+---------+-------
        D:1 |      36 |       2 |   5.3 |      22 |       1 |   4.3
        D:2 |       1 |       0 |   0.0 |       1 |       0 |   0.0
            +---------+---------+-------+---------+---------+-------
